[Event "1000GM 0004 IM Norm 2022"]
[Site "Saint Louis"]
[Date "2022.09.22"]
[Round "3.4"]
[White "Eckert, Doug"]
[Black "Wang, Tianqi"]
[Result "0-1"]
[ECO "D11"]
[WhiteElo "2165"]
[BlackElo "2424"]
[Annotator "TA"]
[PlyCount "90"]
[EventDate "2022.09.21"]
[EventType "tourn"]
[EventCountry "USA"]
[SourceTitle "playchess.com"]
[Source "ChessBase"]
[SourceQuality "1"]
[TimeControl "5400+30"]

1. d4 d5 2. c4 c6 3. Nf3 Nf6 4. g3 Bf5 5. Nc3 e6 6. Qb3 {[%emt 0:00:08] D11: Slav Defence: 3 Nf3 sidelines and 3...Nf6 4 e3 Bg4.} Qb6 7. c5 Qc7 $1 {[%emt 0:00:27][%mdl 4] outshines the older 7...Qxb3.} (7... Qxb3 $11 8. axb3 Nbd7) 8. Bf4 {[%emt 0:04:30] White is slightly better.} Qc8 9. Nh4 Be4 10. f3 Bg6 11. Nxg6 hxg6 12. Bg2 Nbd7 13. Qc2 Be7 {[%emt 0:06:56] [#]} 14. e4 $146 ({Predecessor:} 14. O-O-O b6 15. cxb6 axb6 16. e4 b5 17. e5 Nh5 18. Bd2 g5 19. f4 Nb6 20. b3 {0-1 (28) Houriez,C (2335)-Bogosavljevic,B (2520) Novi Sad 2016}) 14... b6 15. cxb6 Nxb6 16. O-O O-O 17. Rfc1 Qb7 18. Kh1 Rac8 19. Qb3 Qa8 20. Na4 Nfd7 21. Be3 Rfd8 22. Bg1 Nxa4 23. Qxa4 dxe4 24. fxe4 c5 25. d5 exd5 (25... Nb6 26. Qb5 $14) 26. exd5 {[%emt 0:00:05][%cal Od5d6] aiming for d6!} Qb8 ({Don't do} 26... Nb6 27. Qe4 Bd6 28. Qe2 $14) 27. Qe4 Bd6 28. b3 Re8 29. Qc2 Ne5 30. Re1 f5 31. Rac1 Kh7 32. Qc3 c4 {[%emt 0:00:28] Strongly threatening ...Bb4.} 33. Qd4 cxb3 34. Rxc8 Qxc8 (34... Rxc8 $17 35. axb3 a5) 35. axb3 $11 Re7 {[%emt 0:01:00][%cal Oe5f3] White must now prevent ...Nf3!} 36. Qa1 Qb8 37. Qa4 Rb7 38. Qa1 Ng4 {[%emt 0:00:58][%cal Od6g3] Hoping for ...Bxg3!} 39. Qa6 ({White should try} 39. Bf3 $15) 39... Rxb3 40. Qxa7 {[%emt 0:00:37] [#]} Qb4 ({Better is} 40... Bxg3 $1 $17 41. Qxb8 (41. hxg3 Qxg3 42. Qe7 Rb2 43. Re2 Rb1) 41... Bxb8) 41. Rd1 $1 $15 Rb2 (41... Rc3 $15 {feels stronger.} 42. Qa2 Ra3) 42. Qd4 {[%emt 0:01:39] [#]} (42. Bd4 $11 {was the only way to keep the balance.} Be5 43. Bxb2 Qxb2 44. Rf1) 42... Qb3 $1 $17 {[%emt 0:00:15][%cal Od6c5] ...Bc5! is the strong threat. Black is much more active.} 43. Rd2 $2 (43. Qd3 $17) 43... Rb1 $19 {[%emt 0:00:17][%cal Od6g3] ( -> ...Bxg3!)} 44. Re2 Rc1 45. Qd2 {[%emt 0:00:38] [#]} Qb1 $1 {[%emt 0:00:56] Weighted Error Value: White=0.40/Black=0.12 (very precise)} 0-1

[Event "1000GM 0004 IM Norm 2022"]
[Site "Saint Louis"]
[Date "2022.09.22"]
[Round "3.5"]
[White "Cervantes Landeiro, Thalia"]
[Black "Tsolakidou, Stavroula"]
[Result "1/2-1/2"]
[ECO "D32"]
[WhiteElo "2280"]
[BlackElo "2400"]
[Annotator "TA"]
[PlyCount "118"]
[EventDate "2022.09.21"]
[EventType "tourn"]
[EventCountry "USA"]
[SourceTitle "playchess.com"]
[Source "ChessBase"]
[SourceQuality "1"]
[TimeControl "5400+30"]

1. d4 d5 2. c4 e6 3. Nc3 c5 4. cxd5 cxd4 5. Qxd4 Nc6 6. Qd1 exd5 7. Qxd5 {[%emt 0:01:30] D32: Tarrasch Defence: Sidelines and lines without g3.} Bd6 8. Bg5 {[%emt 0:06:14] 8.Nf3 is the modern continuation.} (8. g3 $5 ) 8... Nge7 9. Qd2 {[%emt 0:00:56] White is slightly better.} h6 10. Bh4 Qb6 {[%emt 0:06:24][%cal Oe8g8] [#]} 11. e3 $146 (11. Qxd6 Qxb2 12. Rd1 Qxc3+ 13. Qd2 Qa3 $17) ({Predecessor:} 11. Rd1 Bb4 12. a3 Bxc3 13. Qxc3 Nf5 14. Nf3 Nxh4 15. Nxh4 O-O 16. e3 Bg4 17. Be2 Bxe2 18. Kxe2 {0-1 (52) Hiller,J (1938)-Haase,R (2133) Neustadt an der Weinstrasse 2018}) 11... Be6 12. Bxe7 (12. Qxd6 Qxb2 13. Rd1 Qxc3+ 14. Qd2 Qa3 $17) 12... Kxe7 13. Nf3 Rhd8 14. Qc1 Rac8 15. Be2 Qa5 16. O-O Qh5 17. Qc2 b5 18. Qe4 (18. Nxb5 $2 Ne5 19. Nfd4 Nf3+ 20. Nxf3 Rxc2 $19) ({Better is} 18. a3 $16) 18... b4 $11 19. Nb5 (19. Na4 $11) 19... Bxh2+ $1 $17 20. Nxh2 (20. Kh1 $17 {keeps fighting.} Bb8+ 21. Kg1) 20... Qxe2 $19 21. a4 Qxb2 22. Nf3 {[%emt 0:02:55] Against Qe5} f5 $1 ({Of course not} 22... Kf8 $6 23. Nfd4 Nxd4 24. Nxd4 $11) 23. Qf4 g5 24. Qh2 {[%emt 0:00:21] And now Nfd4 would win.} Qf6 25. Nfd4 Nxd4 26. Nxd4 Bd7 (26... a5 $17 27. Rfd1 Kf7 28. Qh5+ Kg7) 27. a5 $11 f4 (27... Kf8 $15) 28. Qh5 Kf8 29. Qf3 Bc6 30. Qh3 (30. Nxc6 $11 {keeps the balance.} Rxc6 31. exf4) 30... Bd5 $17 31. Rad1 Bf7 $1 32. Rfe1 Rb8 ({Black should try} 32... Rc5 $17 33. Qf3 Rdd5) 33. Qf3 (33. Rc1 $15 b3 34. Rc6) 33... Rd5 (33... b3 $19 {White must now prevent ...b2.} 34. Rb1 Kg7) 34. Rc1 b3 {[%emt 0:00:12] ...b2 is the strong threat.} ({Resist} 34... Rxa5 35. Nc6 Rab5 36. Nxb8 Rxb8 37. exf4 $16) 35. Nc6 (35. Rb1 $142) 35... Re8 (35... g4 $19 36. Qxg4 Re8) 36. e4 Rd7 37. e5 Qf5 38. Qc3 {[%emt 0:00:56][%cal Oe5e6] Threatens to win with e6!} Be6 (38... Rd3 $1 $17 39. Qb2 (39. Qc5+ Kg7 $17) 39... Kg8) 39. Nd4 $11 Qf7 $36 {[%emt 0:00:05][%mdl 2048] Black fights for an advantage.} 40. Red1 Red8 41. Nxe6+ Qxe6 42. Rxd7 {[%emt 0:00:34] Dancing on a razor blade.} Rxd7 {[%emt 0:00:13][%mdl 4096] Endgame KQR-KQR} 43. Qc8+ Kf7 44. Qh8 (44. Qb8 $11 {and White has nothing to worry.}) 44... Kg6 $19 45. Qb8 Rd5 (45... g4 $1 $17 {Hoping for ...Rd2.} 46. Rb1 g3) 46. Qxb3 $11 Rxe5 47. Qd3+ Kf6 48. Qd4 a6 $2 (48... Kg6 $11 {and Black stays safe.}) 49. Rc5 $18 Kf5 50. Qd3+ Kf6 51. Qc3 {[%emt 0:00:11] Strongly threatening Rc6.} Qe8 52. f3 $2 (52. Rc6+ Kg7 53. Rc8) 52... Kf5 {[%emt 0:00:30] [#]} 53. Qc2+ {[%emt 0:00:28][%mdl 1024] White has strong compensation.} Kf6 {[%emt 0:00:08] ( -> ...Re1+)} 54. Rc6+ Re6 55. Qc3+ Kg6 {[%emt 0:00:54] [#]} 56. Qd3+ $2 (56. Rb6 $1 $18 {Threatening mate with Qe5.} Kh7 57. Rb7+ Kg6 58. Kh2) 56... Kh5 $11 {[%emt 0:00:24] The position is equal.} 57. Rxa6 Rxa6 58. Qxa6 {[%emt 0:00:02] aiming for Qf1.} Qe1+ 59. Kh2 Qg3+ {[%emt 0:00:10] Weighted Error Value: White=0.29 (precise) /Black=0.28 (precise)} 1/2-1/2

[Event "1000GM 0004 IM Norm 2022"]
[Site "Saint Louis"]
[Date "2022.09.23"]
[Round "4.1"]
[White "Denby, Caleb"]
[Black "Tsolakidou, Stavroula"]
[Result "1/2-1/2"]
[ECO "E29"]
[WhiteElo "2201"]
[BlackElo "2400"]
[Annotator "TA"]
[PlyCount "176"]
[EventDate "2022.09.21"]
[EventType "tourn"]
[EventCountry "USA"]
[SourceTitle "playchess.com"]
[Source "ChessBase"]
[SourceQuality "1"]
[TimeControl "5400+30"]

1. d4 Nf6 2. c4 e6 3. Nc3 Bb4 4. a3 Bxc3+ 5. bxc3 c5 6. e3 O-O 7. Bd3 Nc6 8. Ne2 b6 9. O-O Ba6 10. e4 Ne8 11. f4 f5 12. exf5 {[%emt 0:00:07] E29: Nimzo-Indian: Sämisch: 5...0-0 6 e3 c5 7 Bd3 Nc6.} exf5 13. dxc5 bxc5 14. Be3 {[%emt 0:00:04] The position is equal.} d6 15. Ng3 g6 16. Re1 $1 {[%emt 0:00:07][%cal Od3f5][%mdl 4] is more profitable than 16.Bxf5 at the moment.} Na5 {[%emt 0:07:24] [#]} 17. Rb1 $146 ({Predecessor:} 17. Nf1 Nf6 18. Bf2 Qd7 19. Ne3 Rae8 20. Bh4 Bb7 21. Bf1 Ne4 22. Nd5 Bxd5 23. cxd5 {½-½ (119) Sokolov,I (2652)-Grischuk,A (2717) Calatrava 2007}) 17... Rf7 (17... Bxc4 $2 18. Bxc4+ Nxc4 19. Qd5+ Kh8 20. Qxc4 $18) 18. Bf2 Bxc4 19. Nf1 $1 Nc7 20. Ne3 Bxd3 21. Qxd3 d5 22. Rbd1 Rd7 23. g4 d4 24. Nc4 (24. cxd4 $14 Rxd4 25. Qc2) 24... Nc6 (24... Nd5 $11 {keeps the balance.} 25. Nxa5 Qxa5 26. cxd4 c4 27. Qxc4 Qxa3) 25. gxf5 $16 gxf5 26. Qxf5 Rg7+ 27. Bg3 {[%emt 0:02:36] White has more active pieces.} (27. Kh1 $14) 27... Qd5 $132 {[%emt 0:00:41][%mdl 2048] Black puts up resistance} 28. Ne5 Rf8 29. Qe4 (29. Qh3 $1 $11 {remains equal.}) 29... Nxe5 30. fxe5 (30. Qxe5 $17 {only move.} Qf3 31. Rf1 Rxg3+ 32. hxg3 Qxg3+ 33. Kh1 Qh3+ 34. Kg1) 30... Qxe4 $19 31. Rxe4 Nd5 ({Weaker is} 31... dxc3 32. Rc4 $11) 32. cxd4 Nc3 $1 33. Rde1 Nxe4 34. Rxe4 cxd4 35. Rxd4 {[%emt 0:00:05][%mdl 4096] Endgame KRR-KRB} Rg6 36. Ra4 (36. Kg2 $17 {was worth a try.}) 36... a6 37. Kg2 Rf5 38. Ra5 Kf8 39. Rc5 Ke8 40. Kh3 Kd7 41. Kh4 Rf3 42. Ra5 Kc8 43. Ra4 Kb7 44. Kh5 Kb6 45. Rb4+ Kc5 46. Rb7 Rf5+ 47. Kh4 h5 48. Rb4 {[%emt 0:04:14] Against Rg4+} a5 (48... Kd5 $142 49. Ra4 Rc6 50. Ra5+ Ke6) 49. Ra4 $17 Kb5 50. Re4 Re6 51. Bf4 Kc5 52. Ra4 Ra6 (52... Kc6 $17 53. Bg3 Kb5) 53. Kg3 {[%emt 0:01:18] [#]} (53. e6 $1 $11) 53... Kd5 $1 54. Kf3 (54. Kh4 $17) 54... Rf7 $19 55. Ke3 Rb7 (55... Ke6 $19 56. Rc4 Kf5) 56. Bg3 $17 Rf7 (56... Ke6 $17 {And now ...Rc7 would win.} 57. Rh4 Rb3+ 58. Kd4 Kf5 59. Rxh5+ Kg6) 57. Rd4+ (57. Bf4 $1 $11) 57... Ke6 58. Rh4 Rf5 59. Ra4 Rf1 (59... Rg5 $17 60. Bf4 Rg4) 60. Rh4 $15 Rf5 ({Black should try} 60... Rc6 61. Rxh5 Ra1) 61. Ra4 $1 $17 Rf7 (61... Rg5 $142 62. Bf4 Rg4) 62. Rh4 {[%emt 0:00:14] [#]} Rh7 $1 63. Ra4 h4 ({Better is} 63... Rg7 $17 {aiming for ...Rg4.} 64. Rf4 Rg6) 64. Bxh4 Kxe5 65. Bd8 Rh3+ 66. Kf2 Rxh2+ 67. Kg1 Ra2 {[%emt 0:00:41] ...Rc6 is the strong threat.} 68. Rxa5+ Rxa5 69. Bxa5 $11 {[%emt 0:00:05] KR-KB} Ke4 70. Kh1 $2 {[%emt 0:02:24][%mdl 8192] White does not recover from this.} (70. Bb4 $11) 70... Rxa3 $19 {[%emt 0:00:52] Black is clearly winning.} 71. Bb6 Ra2 72. Bc5 Kf3 73. Bb6 Rg2 74. Ba7 Kg3 75. Bb8+ Kf2 76. Ba7+ Kf1 77. Bb8 Rg8 78. Bc7 Kf2 79. Bb6+ Kg3 80. Bc7+ Kh3 81. Bb6 Rb8 82. Ba7 Rb1+ 83. Bg1 Kg4 84. Kg2 Rb2+ 85. Bf2 Ra2 86. Kg1 Kf3 {[%emt 0:00:41] ( -> ...Ra1+)} 87. Bb6 Rb2 88. Bc5 Rb1+ $2 {[%emt 0:00:21] Weighted Error Value: White=0.22 (precise) /Black=0.19 (very precise)} (88... Rc2 $19 89. Bb6 Rg2+ 90. Kh1 Rc2) 1/2-1/2

[Event "1000GM 0004 IM Norm 2022"]
[Site "Saint Louis"]
[Date "2022.09.23"]
[Round "4.2"]
[White "Yim, Sung Ho"]
[Black "Cervantes Landeiro, Thalia"]
[Result "1/2-1/2"]
[ECO "A28"]
[WhiteElo "2207"]
[BlackElo "2280"]
[Annotator "TA"]
[PlyCount "93"]
[EventDate "2022.09.21"]
[EventType "tourn"]
[EventCountry "USA"]
[SourceTitle "playchess.com"]
[Source "ChessBase"]
[SourceQuality "1"]
[TimeControl "5400+30"]

1. c4 e5 2. Nc3 Bb4 3. Qc2 Nf6 4. Nf3 Nc6 5. e3 O-O 6. Nd5 h6 {[%emt 0:12:45] A28: English Opening: Four Knights Variation.} 7. Qf5 d6 8. Nxf6+ Qxf6 {[%emt 0:00:10] White is slightly better.} 9. Qxf6 gxf6 10. a3 Ba5 11. b4 Bb6 12. Bb2 a5 13. b5 Ne7 {[%emt 0:00:36] [#]} 14. a4 $146 ({Predecessor:} 14. d4 c5 15. bxc6 Nxc6 16. c5 Bc7 17. Bb5 Bg4 18. Bxc6 {½-½ (18) Gibbs,D (1812)-Smith,G (2010) Torquay 2019}) 14... Bc5 15. Rc1 (15. Be2 $142) 15... Be6 16. Be2 c6 17. O-O cxb5 18. d4 Bb4 19. axb5 Rfc8 $1 20. Rfd1 b6 (20... a4 $15) 21. Nd2 $11 Ra7 (21... a4 $11) 22. Ne4 $16 Kg7 23. f4 Ng6 (23... exf4 $14 24. d5 (24. exf4 d5 $17) 24... Bf5 25. Nxf6 (25. Bxf6+ $2 Kg6 $19) 25... fxe3) 24. c5 $1 dxc5 25. Nd6 ({Much worse is} 25. fxe5 $6 fxe5 26. dxc5 bxc5 $11) ({White should try} 25. dxe5 $16 f5 26. Nd6) 25... exd4 $11 26. Nxc8 Bxc8 27. g3 $132 {[%emt 0:08:34][%mdl 2048] White is fighting back} Re7 28. Bxd4 cxd4 29. Rxc8 Rxe3 30. Kf2 (30. Kf1 $5 ) 30... Ne7 31. Rc4 Rb3 {[%emt 0:02:50] And now ...Bc5 would win.} 32. Rc2 (32. Rdxd4 $11 Bc5 33. Rxc5 $1 bxc5 34. Rd7) 32... Bc3 ({Better is} 32... Bc5 $1 {...Nd5 is the strong threat.} 33. Rd3 Rxb5) 33. Ra2 Nf5 34. Bd3 {[%emt 0:01:54] [#]} Nd6 35. Ke2 Nxb5 36. Bxb5 (36. Bc2 $142 Rb4 37. Rb1) 36... Rxb5 $17 {[%emt 0:00:01][%mdl 4096] Endgame KRR-KRB} 37. Kd3 Rc5 38. Rc1 f5 39. Rcc2 Kf6 40. Re2 {[%emt 0:00:54] [#]} b5 (40... Rb5 $1 $17) 41. Re8 $1 $11 {[%emt 0:00:02] The position is equal.} b4 {[%emt 0:01:23] White must now prevent ...b3.} 42. Rb8 Kg7 43. Rb6 h5 44. Rb7 Kg6 45. Rb6+ Kg7 46. Rb7 Kg6 47. Rb6+ {[%emt 0:00:02] Weighted Error Value: White=0.14 (very precise) /Black=0.16 (very precise)} 1/2-1/2

[Event "1000GM 0004 IM Norm 2022"]
[Site "Saint Louis"]
[Date "2022.09.23"]
[Round "4.3"]
[White "Wang, Tianqi"]
[Black "Krishnan, Varun"]
[Result "1/2-1/2"]
[ECO "A07"]
[WhiteElo "2424"]
[BlackElo "2306"]
[Annotator "TA"]
[PlyCount "95"]
[EventDate "2022.09.21"]
[EventType "tourn"]
[EventCountry "USA"]
[SourceTitle "playchess.com"]
[Source "ChessBase"]
[SourceQuality "1"]
[TimeControl "5400+30"]

1. Nf3 d5 2. g3 g6 3. Bg2 Bg7 4. O-O e5 5. d3 Ne7 6. Nbd2 O-O 7. e4 Nbc6 8. c3 dxe4 {[%emt 0:03:56] A07: Réti Opening: New York and Capablanca Systems.} 9. dxe4 a5 10. a4 b6 {[%emt 0:01:05] White has an edge.} 11. Qb3 Ba6 12. Re1 Qd7 {[%emt 0:03:13] [#]} 13. Nb1 $146 ({Predecessor:} 13. Bf1 Bxf1 14. Nxf1 Rad8 15. Bg5 Qg4 16. Bxe7 Nxe7 17. N3d2 Rd3 18. Rad1 Rfd8 19. Ne3 {1-0 (41) Haub,T (2468)-Guliyev,N (2590) Metz 2007}) 13... Nd8 14. Na3 Nb7 15. Be3 Qc6 16. Nb5 Nc5 17. Bxc5 Qxc5 18. Rad1 c6 19. Nc7 Bc4 20. Qc2 Ra7 21. Rd7 b5 {[%emt 0:01:55] [#] Threatens to win with ...bxa4.} 22. b3 Rc8 23. Qd1 (23. bxc4 $14 Raxc7 24. Rxc7 Rxc7 25. Qd3) 23... Bxb3 $11 24. Qxb3 {[%emt 0:00:09] Ne6 is the strong threat.} Raxc7 {[%emt 0:00:32] [#]} 25. Ng5 $1 Qc4 (25... Rxd7 $2 26. Qxf7+ Kh8 27. Ne6 Qxf2+ 28. Qxf2 $18) 26. Qxc4 bxc4 27. Red1 Bf6 28. Nf3 Nd5 29. Rxc7 Nxc7 30. Rd6 (30. Bh3 $5 Rb8 31. Rd6 Rb1+ 32. Bf1 $14 (32. Kg2 Ne8 $14)) 30... Ne8 31. Rd7 Rc7 32. Bh3 Rxd7 33. Bxd7 {[%emt 0:00:08][%mdl 4096] Endgame KBN-KBN} Nd6 34. Bxc6 Nc8 35. Kf1 Kf8 36. Ke2 Nb6 37. Bb5 h5 38. h3 Ke7 39. Kd1 Bg7 40. Nd2 Bf6 41. Kc2 Bg5 42. Nxc4 Nxc4 43. Bxc4 $14 {[%emt 0:00:03] KB-KB} h4 44. g4 Bf4 45. Bd5 f6 (45... Bg3 $5) 46. Kd3 {[%emt 0:02:54] White is slightly better.} Kd6 47. Kc4 Bd2 48. f3 {[%emt 0:02:48] Weighted Error Value: White=0.05 (flawless) /Black=0.07 (flawless)} (48. Bf7 $5 ) 1/2-1/2

[Event "1000GM 0004 IM Norm 2022"]
[Site "Saint Louis"]
[Date "2022.09.23"]
[Round "4.4"]
[White "Chen, Ryo"]
[Black "Eckert, Doug"]
[Result "1-0"]
[ECO "C78"]
[WhiteElo "2256"]
[BlackElo "2165"]
[Annotator "TA"]
[PlyCount "73"]
[EventDate "2022.09.21"]
[EventType "tourn"]
[EventCountry "USA"]
[SourceTitle "playchess.com"]
[Source "ChessBase"]
[SourceQuality "1"]
[TimeControl "5400+30"]

1. e4 e5 2. Nf3 Nc6 3. Bb5 a6 4. Ba4 Nf6 5. O-O b5 6. Bb3 Bc5 {[%emt 0:00:05] is more profitable than 6...Be7 at the moment.} 7. c3 d6 8. a4 {[%emt 0:01:54] [#] aiming for axb5.} (8. d4 $5 Bb6 9. Be3 $11) 8... Rb8 {[%emt 0:00:20] C78: Ruy Lopez: Archangelsk and Möller Defences.} (8... Nxe4 $2 9. Bd5 Bb7 10. Bxe4 $18) 9. d3 (9. d4 $14 Bb6 10. axb5 axb5 11. Na3) 9... h6 10. Nbd2 O-O {[%emt 0:00:12] The position is equal.} 11. Re1 Bb6 12. Nf1 Ne7 13. axb5 axb5 14. Be3 {[%emt 0:02:51] [#]} Bxe3 $146 ({Predecessor:} 14... c5 15. h3 Ng6 16. Ng3 c4 17. Bxb6 Rxb6 18. Bc2 cxd3 19. Bxd3 Be6 20. Qd2 Qc7 {0-1 (49) Akopian,V (2673)-Adams,M (2729) Yerevan 2008}) 15. Nxe3 Ng6 16. Bc2 Re8 17. b4 Be6 18. d4 c6 19. dxe5 dxe5 20. Ra7 Ra8 21. Qa1 Qb8 22. Rxa8 Qxa8 23. Qb2 Qb7 24. Nf5 {[%emt 0:04:23] [#] Black must now prevent Nd6.} Ra8 25. Bb3 {[%emt 0:01:52] Inhibits Ra2.} Bxb3 26. Qxb3 Qc7 27. c4 bxc4 28. Qxc4 Ra4 29. Qc5 Nd7 (29... Qb7 $11) 30. Ne7+ $1 $14 Kh7 (30... Nxe7 $14 31. Qxe7 f6) 31. Qxc6 $16 {[%emt 0:00:16] White has more active pieces.} Qxc6 32. Nxc6 f6 33. g3 Ra6 34. Rc1 Ra2 35. Ne1 Re2 (35... Ngf8 $16 36. Kg2 Ne6) 36. Kf1 Rxe4 (36... Rb2 $16 {was necessary.} 37. Nd3 Rd2) 37. Nf3 {[%emt 0:00:32] Weighted Error Value: White=0.11 (very precise) /Black=0.19 (very precise)} 1-0

[Event "1000GM 0004 IM Norm 2022"]
[Site "Saint Louis"]
[Date "2022.09.23"]
[Round "4.5"]
[White "Marek, Matyas"]
[Black "Antova, Gabriela"]
[Result "1/2-1/2"]
[ECO "C76"]
[WhiteElo "2338"]
[BlackElo "2305"]
[Annotator "TA"]
[PlyCount "38"]
[EventDate "2022.09.21"]
[EventType "tourn"]
[EventCountry "USA"]
[SourceTitle "playchess.com"]
[Source "ChessBase"]
[SourceQuality "1"]
[TimeControl "5400+30"]

1. e4 e5 2. Nf3 Nc6 3. Bb5 a6 4. Ba4 d6 5. c3 g6 6. d4 Bd7 7. dxe5 (7. h3 {seems wilder.} Nf6 8. Bc2 Bg7 9. O-O) 7... Nxe5 {[%emt 0:03:45] The position is equal. C76: Ruy Lopez: Deferred Steinitz: 5 c3 Bd7 6 d4 g6.} 8. Nxe5 (8. Bc2 {with more complications.} Nf6 9. Nxe5 dxe5 10. O-O) 8... dxe5 9. Bxd7+ Qxd7 10. Qxd7+ Kxd7 11. Be3 Bh6 {[%emt 0:09:33] [#]} 12. Ke2 $146 ({Predecessor:} 12. Bxh6 Nxh6 13. h4 f6 14. Nd2 Nf7 15. h5 Ke6 16. Ke2 {½-½ (16) Horvath,T (2410)-Zsinka,L (2340) Hungary 1997}) 12... Bxe3 13. Kxe3 Ne7 14. Nd2 Rad8 15. Rad1 Ke6 16. Nc4 Nc6 17. Ke2 f5 18. f3 Rxd1 19. Rxd1 Rd8 {[%emt 0:01:26] A balanced but interesting game.  Weighted Error Value: White=0.09 (flawless) /Black=0.05 (flawless)} 1/2-1/2

[Event "1000GM 0004 IM Norm 2022"]
[Site "Saint Louis"]
[Date "2022.09.23"]
[Round "5.1"]
[White "Antova, Gabriela"]
[Black "Denby, Caleb"]
[Result "1/2-1/2"]
[ECO "D38"]
[WhiteElo "2305"]
[BlackElo "2201"]
[Annotator "TA"]
[PlyCount "106"]
[EventDate "2022.09.21"]
[EventType "tourn"]
[EventCountry "USA"]
[SourceTitle "playchess.com"]
[Source "ChessBase"]
[SourceQuality "1"]
[TimeControl "5400+30"]

1. d4 Nf6 2. c4 e6 3. Nf3 d5 4. Nc3 Bb4 5. Bg5 h6 6. Bxf6 Qxf6 7. e3 O-O 8. Rc1 dxc4 9. Bxc4 c5 10. O-O cxd4 {[%emt 0:12:11] D38: Queen's Gambit Declined: Ragozin Defence (4 Nf3 Bb4).} 11. Ne4 Qe7 12. a3 Ba5 13. Qxd4 Nc6 (13... Rd8 $5 14. Qe5 Bc7 $11) 14. Qd6 {[%emt 0:01:13] [#]} Bd8 $146 ({Predecessor:} 14... Qxd6 15. Nxd6 Rd8 16. Rfd1 a6 17. b4 Bc7 18. Nxc8 Raxc8 19. Rxd8+ {½-½ (19) Lomineishvili,M (2367)-Javakhishvili,L (2493) Mamaia 2016}) 15. Rfd1 Qxd6 16. Nxd6 a6 {[%emt 0:05:46] Prevents Bb5.} 17. Nd2 {[%emt 0:11:47] Pair of Knights!} Be7 18. N2e4 Rd8 19. f4 Kf8 20. Be2 f5 21. Nxc8 Raxc8 22. Nc5 Bxc5 23. Rxc5 Rxd1+ 24. Bxd1 Ne7 25. Rxc8+ Nxc8 $11 {[%emt 0:00:04][%mdl 4096] Endgame KB-KN} 26. h4 Ke7 27. Kf2 Nd6 28. Bb3 Ne4+ 29. Ke2 g5 (29... Kf6 $11) 30. hxg5 $16 hxg5 {[%emt 0:00:12] [#]} 31. fxg5 ({White should try} 31. Bc2 $1 $16 ) 31... Nxg5 $11 {[%emt 0:00:05] The position is equal.} 32. Kd3 Ne4 33. Kd4 Kd6 34. Bc2 Nf6 35. b4 Nd5 36. Bd1 Nc7 37. Be2 e5+ 38. Kc3 Nd5+ 39. Kd3 e4+ 40. Kd4 Nc7 41. Bc4 Nb5+ 42. Bxb5 axb5 {[%emt 0:00:03] KP-KP} 43. g3 b6 44. Kc3 Ke5 {[%emt 0:00:38] [#] Strongly threatening ...Kf6.} 45. Kd2 $1 Kf6 {[%emt 0:00:17] And now ...Kg5 would win.} 46. Ke2 Ke6 47. Kd2 Ke5 48. Ke2 Kf6 49. Kf2 Kg5 50. Kg1 Kg6 51. Kf1 Kf6 52. Kf2 Ke6 {[%emt 0:00:11] aiming for ...Kd5.} 53. Ke2 Ke5 {[%emt 0:00:24] Weighted Error Value: White=0.05 (flawless) /Black=0.07 (flawless)} 1/2-1/2

[Event "1000GM 0004 IM Norm 2022"]
[Site "Saint Louis"]
[Date "2022.09.23"]
[Round "5.2"]
[White "Eckert, Doug"]
[Black "Marek, Matyas"]
[Result "0-1"]
[ECO "A58"]
[WhiteElo "2165"]
[BlackElo "2338"]
[Annotator "TA"]
[PlyCount "101"]
[EventDate "2022.09.21"]
[EventType "tourn"]
[EventCountry "USA"]
[SourceTitle "playchess.com"]
[Source "ChessBase"]
[SourceQuality "1"]
[TimeControl "5400+30"]

1. d4 Nf6 2. c4 c5 3. d5 b5 4. cxb5 a6 5. bxa6 g6 6. Nc3 {[%emt 0:00:04] A58: Benko/Volga Gambit: Lines with 5 bxa6.} Bg7 7. e4 {[%emt 0:00:11][%cal Oa6a7] Hoping for a7!} O-O 8. a7 {[%emt 0:00:35] White is slightly better.} Rxa7 9. Nf3 d6 10. Be2 Ba6 11. O-O Qa5 12. a4 {[%emt 0:09:55] [#]} Rb7 $146 ({Predecessor:} 12... Nbd7 13. Rb1 Rb8 14. Bd2 Qb6 15. b3 Raa8 16. Bxa6 Qxa6 17. Qc2 Ne8 18. Nb5 Rb7 {1-0 (38) Cervantes Landeiro,T (2311)-Parvanyan,A (2449) Chess.com INT 2020}) 13. Ra3 Bxe2 14. Qxe2 Rb4 15. Nd2 (15. e5 $16 Ng4 16. e6) 15... Nfd7 16. Qd1 Nb6 17. Qc2 Rc8 $1 18. b3 (18. Qd3 $14 {was preferrable.}) 18... c4 $11 19. bxc4 (19. Nxc4 {is interesting.} Nxc4 20. Na2 Qc5 21. bxc4 Rxc4 22. Qd3) 19... N8d7 20. Na2 Rxa4 21. Rxa4 Nxa4 22. Nf3 {[%emt 0:04:11] [#]} (22. Nb3 $11 {remains equal.} Qa6 23. Be3) 22... Qa6 (22... Nb2 $1 $17 23. Qb1 (23. Bxb2 $2 Qxa2 24. e5 Rb8 $19) 23... Nxc4) 23. Nb4 (23. Bg5 $15) 23... Rxc4 $17 24. Nxa6 Rxc2 25. Be3 Nc3 26. Nb4 Rb2 27. Nc6 Bf6 (27... Nxe4 $17 28. Nxe7+ Kf8) 28. Nd2 Kg7 29. f3 Rc2 30. Kh1 (30. Nb4 $5 Rb2 31. Nc6 $15) 30... Ne5 31. Nxe5 (31. Nd4 $15 Ra2 32. N2b3) 31... Bxe5 32. Nb3 {[%emt 0:05:11] [#]} Nxd5 $1 {[%emt 0:04:11] Black is more active.} 33. exd5 {[%emt 0:00:41] Black must now prevent Rc1.} Rc3 34. Bg5 {[%emt 0:01:42] aiming for Nc1.} Rxb3 35. Bxe7 {[%emt 0:00:15][%mdl 4096] Endgame KRB-KRB} Rd3 36. g3 Rxd5 37. Kg2 Bc3 38. Rc1 Bb4 39. Rc8 Rd2+ 40. Kh3 Re2 41. Bf8+ Kf6 42. Rd8 Rd2 43. Re8 h5 44. Re4 (44. Be7+ $17 Kf5 45. Rf8) 44... Bc5 $19 45. g4 hxg4+ 46. fxg4 g5 47. Re1 {[%emt 0:01:18] Against Bg1} Bf2 (47... Kg6 $17 {And now ...Bf2 would win.} 48. Be7 Bf2) 48. Be7+ ({White should play} 48. Re8 $1 $15) 48... Kg6 {[%emt 0:00:03] Black is clearly better.} 49. Rf1 {[%emt 0:00:13][%cal Oe7d6] [#]} d5 50. Ra1 (50. Rc1 $17 {was necessary.}) 50... Bd4 51. Bd6 $2 {[%emt 0:00:40] Weighted Error Value: White=0.22 (precise) /Black=0.12 (very precise)} (51. Ra6+ $19 f6 52. Bd6) 0-1